 Dungeon Crawl Stone Soup version 0.27-a0-380-g150de4c (webtiles) character file.

Game seed: 9872459268741812137

161 MrTaco21 the Cudgeller (level 5, -10/32 HPs)
             Began as a Gargoyle Fighter on Feb 17, 2021.
             Killed from afar by Ijyb (20 damage)
             ... with a bolt of acid
             ... on level 3 of the Dungeon.
             The game lasted 00:03:02 (2437 turns).

MrTaco21 the Cudgeller (Gargoyle Fighter)           Turns: 2437, Time: 00:03:03

Health: -10/32     AC: 16    Str: 21    XL:     5   Next: 42%
Magic:  5/5        EV:  7    Int:  8    God:
Gold:   208        SH:  9    Dex:  9    Spells: 4/4 levels left

rFire    . . .     SeeInvis .   a - +0 flail
rCold    + . .     Faith    .   c - +0 kite shield
rNeg     + . .     Spirit   .   b - +0 scale mail
rPois    ∞         Reflect  .   (no helmet)
rElec    +         Harm     +   p - scarf {harm}
rCorr    .         Rampage  .   (no gloves)
Will     .....                  l - +0 pair of boots
Stlth    ..........             (no amulet)
HPRegen  0.10/turn              i - +4 ring of protection
MPRegen  0.09/turn              o - ring of protection from cold

@: no status effects
A: negative energy resistance 1, electricity resistance, unbreathing,
petrification resistance, miasma immunity, AC +4
a: no special abilities


You were on level 3 of the Dungeon.
You visited 1 branch of the dungeon, and saw 3 of its levels.

You collected 208 gold pieces.

Inventory:

Hand Weapons
 a - a +0 flail (weapon)
Armour
 b - a +0 scale mail (worn)
 c - a +0 kite shield (worn)
 l - a +0 pair of boots (worn)
   (You found it on level 2 of the Dungeon)
 p - a scarf of harm (worn)
   (You found it on level 2 of the Dungeon)
Jewellery
 i - a +4 ring of protection (left hand)
   (You found it on level 1 of the Dungeon)
 o - a ring of protection from cold (right hand)
   (You found it on level 2 of the Dungeon)
Wands
 s - a wand of polymorph (10)
   (You found it on level 3 of the Dungeon)
Scrolls
 f - 6 scrolls of teleportation {unknown}
 m - 3 scrolls of identify {unknown}
 q - a scroll of blinking {unknown}
 r - a scroll of fear {unknown}
Potions
 d - a potion of might
 e - 2 potions of haste {unknown}
 g - a potion of curing {unknown}
 h - a potion of heal wounds {unknown}
 j - a potion of attraction {unknown}
 k - a potion of cancellation {unknown}
 n - a potion of flight {unknown}


   Skills:
 - Level 3.2 Fighting
 + Level 5.4 Maces & Flails
 - Level 3.2 Armour
 - Level 3.2 Shields


You had 4 spell levels left.
You didn't know any spells.
Your spell library was empty.

Dungeon Overview and Level Annotations

Branches:
Dungeon (3/15)

Altars:

Annotations:
D:3 Ijyb


Innate Abilities, Weirdness & Mutations

You are resistant to torment.
Your stone body is resilient. (AC +4)
You are immune to poison.
You resist negative energy. (rN+)
You are resistant to electric shocks. (rElec)
You can survive without breathing.
You are immune to petrification.
You are immune to miasma.


Message History

You hit Ijyb but do no damage. Ijyb hits you but does no damage.
Unknown command.
You hit Ijyb. Ijyb hits you with a +0 dagger.
* * * LOW HITPOINT WARNING * * *
You hit Ijyb.
Ijyb screams, "It's all mine!"
You block Ijyb's attack. x2
Unknown command.
You hit Ijyb. Ijyb hits you but does no damage.
Unknown command.
You hit Ijyb.
Ijyb zaps a wand.
The bolt of acid misses you. Ijyb hits you but does no damage.
You hit Ijyb but do no damage.
Ijyb zaps a wand.
The bolt of acid misses you.
You closely miss Ijyb. Ijyb screams, "I cut your head off!"
Ijyb hits you but does no damage.
Unknown command.
You hit Ijyb. Ijyb hits you but does no damage. x2
Unknown command.
You closely miss Ijyb. You block Ijyb's attack.
Unknown command.
You hit Ijyb but do no damage. You block Ijyb's attack.
Unknown command.
Your shield prevents you from hitting Ijyb.
Ijyb zaps a wand.
The bolt of acid misses you. You block Ijyb's attack.
You closely miss Ijyb.
You are no longer corroded.
You block Ijyb's attack.
Unknown command.
You closely miss Ijyb. Ijyb hits you but does no damage.
Unknown command.
You hit Ijyb but do no damage. Ijyb hits you but does no damage. x2
Unknown command.
You closely miss Ijyb. Ijyb hits you but does no damage.
Unknown command.
You hit Ijyb but do no damage.
Ijyb screams, "Me very upset!"
Ijyb hits you but does no damage.
Unknown command.
You hit Ijyb. Ijyb closely misses you. Ijyb hits you but does no damage.
Unknown command.
You closely miss Ijyb.
Ijyb zaps a wand.
The bolt of acid hits you!
Ouch! That really hurt!
You die...

..>..#.##.## #..#
#.##..####.##
.....#.#..# #.##
#.#..## #.#
.........## #.#
##...## #.# #####..###
#.# #....# #.# ##...#
#####.###.#.## ##.#
#..#..# #.....#...#..#
#..#
#.###.##..###...####.#
#.##
####.###....####.###
#.#####.#
................@#
#.##....#
####.#.^.........g#
#.##.####
#†............(..#
#.##.#
#..........>.....#
#.##.#
###................#
#.##.#
...................#
#..#.#
###.#..............#
##.#.#
##†.##......>.....##
#...# #..## #.....
#####


You could see Ijyb.

Vanquished Creatures
  Jessica (D:2)
  Terence (D:3)
  2 adders (D:2)
  2 gnolls (D:1)
  An ooze (D:1)
  A dart slug (D:3)
  A leopard gecko (D:3)
  2 ball pythons
  5 bats
  7 goblins
  11 hobgoblins
  10 jackals (D:1)
  2 quokkas (D:2)
  6 frilled lizards
  5 kobolds
  8 rats
65 creatures vanquished.

Notes
Turn   | Place    | Note
-------+----------+-------------------------------------------
     0 | D:1      | MrTaco21 the Gargoyle Fighter began the quest for the Orb.
     0 | D:1      | Reached XP level 1. HP: 14/14 MP: 1/1
    24 | D:1      | Reached XP level 2. HP: 8/19 MP: 2/2
   218 | D:1      | Reached skill level 3 in Maces & Flails
   636 | D:1      | Reached XP level 3. HP: 23/23 MP: 3/3
  1067 | D:1      | Reached skill level 4 in Maces & Flails
  1122 | D:1      | Reached XP level 4. HP: 28/28 MP: 4/4
  1394 | D:2      | Noticed Jessica
  1410 | D:2      | Killed Jessica
  1565 | D:2      | Reached skill level 5 in Maces & Flails
  1596 | D:2      | Reached XP level 5. HP: 31/32 MP: 5/5
  2235 | D:3      | Noticed Terence
  2259 | D:3      | Killed Terence
  2413 | D:3      | Noticed Ijyb
  2437 | D:3      | Killed from afar by Ijyb

Illustrated notes

Levels and vault maps discovered:
D:1:      mainiacjoe_arrival_reflecting_pool, layout_loops_ring
D:2:      layout_basic, hangedman_decor_lopped, roderic_nine_men_s_morris,
          uniq_jessica
D:3:      layout_rooms, chequers_arboretum, uniq_terence, uniq_ijyb

Skill      XL: |  1  2  3  4 |
---------------+-------------+-----
Maces & Flails | 3 4 5 |  5.4
Fighting       | |  3.2
Armour         | |  3.2
Shields        | |  3.2

Action                   |  1- 3 |  4- 6 || total
-------------------------+-------+-------++-------
Melee: Flail             |   143 |   148 ||   291
Armor: Scale mail        |    85 |    92 ||   177
Dodge: Dodged            |    40 |    56 ||    96
Block: Kite shield       |    88 |    78 ||   166

Table legend: (Time is in decaauts)
 A = Elapsed time spent in this place.
 B = Non-inter-level travel time spent in this place.
 C = Inter-level travel time spent in this place.
 D = Time resting spent in this place.
 E = Time spent auto-exploring this place.
 F = Levels seen in this place.
 G = Mean time per level.
                   A        B        C        D        E       F      G
               +--------+--------+--------+--------+--------+-----+--------+
         Total |   2556 |   2516 |     40 |    364 |   1517 |   3 |  852.0 |
       Dungeon |   2556 |   2516 |     40 |    364 |   1517 |   3 |  852.0 |
               +--------+--------+--------+--------+--------+-----+--------+

Top non-repeatable levels by time:
     D:1: 1319 daAuts
     D:2: 853 daAuts
     D:3: 383 daAuts
